 Dungeon Crawl Stone Soup version 0.29.0-4-gdea44cf6ec (webtiles) character file.

Game seed: 5997669298776267034

1317 qw the Grappler (level 8, -1/75 HPs)
             Began as a Troll Cinder Acolyte on Sept 2, 2022.
             Was an Elder of Ignis.
             Slain by a boulder beetle (18 damage)
             ... on level 6 of the Dungeon.
             The game lasted 00:02:32 (4061 turns).

qw the Grappler (Troll Cinder Acolyte)              Turns: 4061, Time: 00:02:32

Health: -1/75      AC: 18    Str: 25    XL:     8   Next: 33%
Magic:  8/8        EV:  9    Int: 10    God:    Ignis [****..]
Gold:   414        SH:  0    Dex:  5    Spells: 9/9 levels left

rFire   + . .      SeeInvis .     - Unarmed
rCold   . . .      Faith    .   (no shield)
rNeg    . . .      Spirit   .   a - +0 robe
rPois   .          Reflect  .   (helmet restricted)
rElec   .          Harm     .   o - +2 cloak
rCorr   .          Rampage  .   (gloves unavailable)
Will    .....                   (boots unavailable)
Stlth   +.........              j - amulet of regeneration
HPRegen 1.82/turn               n - +4 ring of protection
MPRegen 0.11/turn               (no ring)

@: about to teleport, fiery-armoured
A: large, unfitting armour, claws 3, regeneration 1, shaggy fur 1, tough skin 1
a: Renounce Religion, Fiery Armour, Foxfire Swarm, Rising Flame


You were on level 6 of the Dungeon.
You worshipped Ignis.
Ignis was greatly pleased with you.
You visited 1 branch of the dungeon, and saw 6 of its levels.
You also visited: Ossuary.

You collected 494 gold pieces.
You spent 80 gold pieces at shops.


Innate Abilities, Weirdness & Mutations

You are too large for most types of armour.
You have claws for hands.
Your natural rate of healing is unusually fast.
You are covered in fur. (AC +1)
You have tough skin. (AC +1)


   Skills:
 + Level 3.0 Fighting
 - Level 1.6 Dodging
 - Level 10.1 Unarmed Combat
 - Level 1.0 Spellcasting
 - Level 2.1 Fire Magic


You had 9 spell levels left.
You didn't know any spells.
Your spell library contained the following spells:

 Spells                   Type           Power      Damage    Failure   Level
 Scorch                   Fire           8%         2d5       22%         2

Inventory:

Armour
 a - a +0 robe (worn)
 o - a +2 cloak (worn)
Jewellery
 b - a ring of poison resistance
 d - a ring of ice
 j - an amulet of regeneration (around neck)
 n - a +4 ring of protection (left claw)
Scrolls
 f - 3 scrolls of teleportation
 p - a scroll of identify
 q - a scroll of enchant weapon
Potions
 e - a potion of might
 g - 2 potions of curing
 k - a potion of degeneration {unknown}
 m - a potion of resistance

Dungeon Overview and Level Annotations

Branches:
Dungeon (6/15)             Temple (0/1) D:5         Ossuary (visited)

Altars:
Makhleb

Shops:
D:5 ?

Annotations:
D:5 1 runed translucent door, qw's ghost, novice TrCA


Message History

A boulder beetle comes into view.
4045 ||| INVOKING Fiery Armour.
A protective cloak of flame settles atop you.
The boulder beetle leaps!
You scratch the boulder beetle.
The boulder beetle is lightly wounded.
The boulder beetle leaps!
The boulder beetle curls into a ball and begins rolling!
You scratch the boulder beetle but do no damage.
An adder comes into view.
The boulder beetle hits you!!!
Ouch! That really hurt!
The boulder beetle stops rolling and uncurls.
The adder hisses angrily.
You scratch the boulder beetle.
The boulder beetle is lightly wounded.
The boulder beetle barely misses you.
You scratch the boulder beetle but do no damage.
The boulder beetle is lightly wounded.
The boulder beetle closely misses you.
You scratch the boulder beetle but do no damage.
You scratch the boulder beetle.
The boulder beetle is lightly wounded.
The boulder beetle bites you but does no damage.
You claw the boulder beetle!
The boulder beetle is moderately wounded.
The boulder beetle bites you.
The boulder beetle is burned by your cloak of flames.
The boulder beetle is moderately wounded.
You claw the boulder beetle!
The boulder beetle is moderately wounded.
The boulder beetle bites you.
You scratch the boulder beetle but do no damage.
The boulder beetle is moderately wounded.
The boulder beetle bites you!!
4061 ||| READING 4 scrolls of teleportation.
As you read the scroll of teleportation, it crumbles to dust.
You feel strangely unstable. The boulder beetle bites you!!
You die...

#/......#...####.........#
##?....##...# ######....#
##/.[###...# #....# #####
#...# #..... ... #...#
#..... .... #...+ #.....
..... #...# #.....
......#...# ######
#...SB@..# ##########


You could see a boulder beetle and an adder.

Vanquished Creatures
  A shadow (D:6)
  A sky beast (D:4)
  2 black bears (D:6)
  2 ogres (D:5)
  A kobold brigand (D:5)
  A necrophage (D:4)
  2 scorpions
  2 hounds (D:5)
  Jessica (D:2)
  An iguana (D:6)
  An orc wizard (D:5)
  8 mummies (Ossuary)
  4 adders
  8 gnolls
  A shadow imp (D:5)
  3 ufetubi
  2 worms (D:5)
  A dart slug (D:3)
  8 orcs (D:5)
  7 bats
  5 endoplasms
  3 giant cockroaches
  3 gnoll zombies (Ossuary)
  10 goblins
  5 hobgoblins
  10 jackals
  5 quokkas
  4 ball pythons
  4 frilled lizards
  2 hobgoblin zombies (Ossuary)
  11 kobolds
  2 kobold zombies (Ossuary)
  An orc zombie (Ossuary)
  6 rats
128 creatures vanquished.

Vanquished Creatures (others)
  7 plants (D:3)
7 creatures vanquished.

Grand Total: 135 creatures vanquished

Notes
Turn   | Place    | Note
-------+----------+-------------------------------------------
     0 | D:1      | qw the Troll Cinder Acolyte began the quest for the Orb.
     0 | D:1      | Reached XP level 1. HP: 22/22 MP: 1/1
     0 | D:1      | 0 ||| qw: Version: 0.1-a-97-g2dd2ca4
     0 | D:1      | 0 ||| qw: Game counter: 4928
     0 | D:1      | 0 ||| qw: Always use a shield: true
     0 | D:1      | 0 ||| qw: God list: Okawaru
     0 | D:1      | 0 ||| qw: Allow faded altars: false
     0 | D:1      | 0 ||| qw: Do Orc after D:15 true
     0 | D:1      | 0 ||| qw: Do second Lair branch before Depths: true
     0 | D:1      | 0 ||| qw: Lair rune preference: random
     0 | D:1      | 0 ||| qw: Plans: Normal
     0 | D:1      | 0 ||| PLANNING D:1-11
   102 | D:1      | 102 ||| Stepping ~*~*~tactically~*~*~ (stealth).
   103 | D:1      | 103 ||| Stepping ~*~*~tactically~*~*~ (stealth).
   104 | D:1      | 104 ||| Stepping ~*~*~tactically~*~*~ (stealth).
   107 | D:1      | 107 ||| Stepping ~*~*~tactically~*~*~ (stealth).
   109 | D:1      | 109 ||| Stepping ~*~*~tactically~*~*~ (outnumbered).
   110 | D:1      | 110 ||| Stepping ~*~*~tactically~*~*~ (outnumbered).
   112 | D:1      | 112 ||| Stepping ~*~*~tactically~*~*~ (outnumbered).
   114 | D:1      | Reached XP level 2. HP: 29/29 MP: 2/2
   139 | D:1      | 139 ||| Stepping ~*~*~tactically~*~*~ (stealth).
   143 | D:1      | 143 ||| Stepping ~*~*~tactically~*~*~ (stealth).
   153 | D:1      | Reached skill level 4 in Unarmed Combat
   307 | D:1      | Reached XP level 3. HP: 36/36 MP: 3/3
   542 | D:1      | 542 ||| READING scroll labelled ROSHIN MIPTOZI.
   543 | D:1      | 543 ||| READING 2 scrolls labelled WAMNEVULE.
   722 | D:2      | Noticed Jessica
   730 | D:2      | Killed Jessica
   731 | D:2      | Reached skill level 5 in Unarmed Combat
   731 | D:2      | Reached XP level 4. HP: 36/44 MP: 4/4
   835 | D:2      | Found a faded altar of an unknown god.
  1418 | D:2      | 1418 ||| UPGRADING to amulet of regeneration.
  1423 | D:2      | 1423 ||| READING scroll labelled GUNOGGEOTI.
  1763 | D:3      | 1763 ||| INVOKING Fiery Armour.
  1772 | D:3      | Reached XP level 5. HP: 39/50 MP: 5/5
  1889 | D:3      | Reached skill level 6 in Unarmed Combat
  2075 | D:3      | 2075 ||| UPGRADING to +4 ring of protection.
  2076 | D:3      | 2076 ||| READING scroll labelled ABBETA PONIKK.
  2077 | D:3      | 2077 ||| READING scroll labelled PECOUR NESILOR.
  2078 | D:3      | 2078 ||| DRINKING 2 viscous amethyst potions.
  2270 | D:4      | Found a burning altar of Makhleb.
  2283 | D:4      | Reached XP level 6. HP: 59/59 MP: 6/6
  2320 | D:4      | 2320 ||| Stepping ~*~*~tactically~*~*~ (stealth).
  2558 | D:4      | 2558 ||| UPGRADING to +0 cloak.
  2563 | D:4      | 2563 ||| READING 2 scrolls of enchant armour.
  2563 | D:4      | 2563 ||| ENCHANTING +0 cloak.
  2564 | D:4      | 2564 ||| READING scroll of enchant armour.
  2564 | D:4      | 2564 ||| ENCHANTING +1 cloak.
  2565 | D:4      | 2565 ||| READING 2 scrolls labelled LAMAET WEMIA.
  2566 | D:4      | 2566 ||| READING scroll labelled APTUMO HISK.
  2567 | D:4      | 2567 ||| READING scroll labelled QAPOMA JEOJ.
  2570 | D:4      | 2570 ||| READING scroll labelled BIEG ISAUREAQY.
  2696 | D:5      | Entered Level 5 of the Dungeon
  2696 | D:5      | Noticed a sky beast
  2697 | D:5      | 2697 ||| STAIRDANCE
  2701 | D:4      | Reached skill level 7 in Unarmed Combat
  2703 | D:5      | 2703 ||| STAIRDANCE
  2709 | D:4      | Killed a sky beast
  2725 | D:5      | 2725 ||| STAIRDANCE
  2727 | D:4      | 2727 ||| INVOKING Fiery Armour.
  2728 | D:4      | 2728 ||| Stepping ~*~*~tactically~*~*~ (outnumbered).
  2729 | D:4      | 2729 ||| Stepping ~*~*~tactically~*~*~ (outnumbered).
  2730 | D:4      | 2730 ||| Stepping ~*~*~tactically~*~*~ (outnumbered).
  2731 | D:4      | 2731 ||| Stepping ~*~*~tactically~*~*~ (outnumbered).
  2748 | D:5      | 2748 ||| Stepping ~*~*~tactically~*~*~ (hiding).
  2885 | D:5      | Found a runed translucent door.
  2885 | D:5      | Noticed qw's ghost (novice TrCA)
  2911 | D:5      | Reached skill level 8 in Unarmed Combat
  2911 | D:5      | Reached XP level 7. HP: 66/66 MP: 7/7
  2920 | D:5      | Found a staircase to the Ecumenical Temple.
  2928 | D:5      | 2928 ||| Stepping ~*~*~tactically~*~*~ (stealth).
  2929 | D:5      | 2929 ||| FLEEEEING.
  2930 | D:5      | 2930 ||| Stepping ~*~*~tactically~*~*~ (stealth).
  2932 | D:5      | Reached skill level 3 in Fighting
  2972 | D:5      | 2972 ||| Stepping ~*~*~tactically~*~*~ (outnumbered).
  2973 | D:5      | 2973 ||| INVOKING Fiery Armour.
  2977 | D:5      | 2977 ||| Stepping ~*~*~tactically~*~*~ (outnumbered).
  2978 | D:5      | 2978 ||| Stepping ~*~*~tactically~*~*~ (stealth).
  2980 | D:5      | 2980 ||| Stepping ~*~*~tactically~*~*~ (stealth).
  2982 | D:5      | 2982 ||| Stepping ~*~*~tactically~*~*~ (outnumbered).
  3123 | D:5      | 3123 ||| Stepping ~*~*~tactically~*~*~ (hiding).
  3266 | D:5      | Found Ixzimu Yco's Magic Scroll Boutique.
  3274 | D:5      | 3274 ||| BUYING scroll of identify (20 gold).
  3274 | D:5      | Bought a scroll of identify for 20 gold pieces
  3274 | D:5      | 3274 ||| BUYING scroll of identify (20 gold).
  3274 | D:5      | Bought a scroll of identify for 20 gold pieces
  3274 | D:5      | 3274 ||| BUYING scroll of identify (20 gold).
  3274 | D:5      | Bought a scroll of identify for 20 gold pieces
  3274 | D:5      | 3274 ||| BUYING scroll of identify (20 gold).
  3274 | D:5      | Bought a scroll of identify for 20 gold pieces
  3385 | D:5      | Reached skill level 9 in Unarmed Combat
  3526 | D:5      | 3526 ||| DRINKING 2 white potions.
  3527 | D:5      | 3527 ||| READING 5 scrolls of identify.
  3527 | D:5      | 3527 ||| IDENTIFYING bubbling sapphire potion
  3528 | D:5      | 3528 ||| READING 4 scrolls of identify.
  3528 | D:5      | 3528 ||| IDENTIFYING murky coppery potion
  3529 | D:5      | 3529 ||| READING 3 scrolls of identify.
  3529 | D:5      | 3529 ||| IDENTIFYING amethyst potion
  3530 | D:5      | 3530 ||| READING 2 scrolls of identify.
  3530 | D:5      | 3530 ||| IDENTIFYING blue potion
  3531 | D:5      | 3531 ||| DROPPING potion of berserk rage.
  3532 | D:5      | 3532 ||| DROPPING potion of brilliance.
  3533 | D:5      | 3533 ||| DROPPING potion of attraction.
  3579 | D:6      | 3579 ||| PLANNING OSSUARY
  3635 | D:6      | Found a sand-covered staircase.
  3647 | D:6      | Reached skill level 1 in Dodging
  3656 | Ossuary  | Entered an ossuary
  3659 | Ossuary  | 3659 ||| INVOKING Fiery Armour.
  3665 | Ossuary  | 3665 ||| Stepping ~*~*~tactically~*~*~ (outnumbered).
  3666 | Ossuary  | 3666 ||| Stepping ~*~*~tactically~*~*~ (outnumbered).
  3708 | Ossuary  | 3708 ||| Stepping ~*~*~tactically~*~*~ (outnumbered).
  3710 | Ossuary  | 3710 ||| Stepping ~*~*~tactically~*~*~ (outnumbered).
  3712 | Ossuary  | 3712 ||| Stepping ~*~*~tactically~*~*~ (outnumbered).
  3713 | Ossuary  | 3713 ||| Stepping ~*~*~tactically~*~*~ (outnumbered).
  3715 | Ossuary  | 3715 ||| Stepping ~*~*~tactically~*~*~ (outnumbered).
  3717 | Ossuary  | 3717 ||| Stepping ~*~*~tactically~*~*~ (outnumbered).
  3722 | Ossuary  | Reached XP level 8. HP: 74/75 MP: 8/8
  3875 | Ossuary  | 3875 ||| READING scroll labelled BITIUFA RI ORI.
  3876 | Ossuary  | 3876 ||| DRINKING 2 sapphire potions.
  3877 | Ossuary  | 3877 ||| READING 2 scrolls of identify.
  3877 | Ossuary  | 3877 ||| IDENTIFYING bubbling silvery potion
  3878 | Ossuary  | 3878 ||| DROPPING potion of ambrosia.
  3879 | Ossuary  | 3879 ||| DROPPING potion of magic.
  3905 | D:6      | 3905 ||| PLANNING D:1-11
  4006 | D:6      | Reached skill level 10 in Unarmed Combat
  4044 | D:6      | Noticed a boulder beetle
  4045 | D:6      | 4045 ||| INVOKING Fiery Armour.
  4060 | D:6      | HP: 15/75 [boulder beetle (22)]
  4061 | D:6      | 4061 ||| READING 4 scrolls of teleportation.
  4061 | D:6      | Slain by a boulder beetle

Levels and vault maps discovered:
D:1:      minmay_arrival_checkered_box, layout_rooms, minmay_pentomino_x4
D:2:      layout_loops_corners, shapermc_ecumenical_altar_notcrosses,
          uniq_jessica
D:3:      layout_basic, chequers_big_river, minmay_stone_trees_small
D:4:      layout_rooms, bloody_makhleb
D:5:      layout_loops_ring, minmay_temple_entry_large_hall, serial_shops,
          shop_fountains, ebering_ghost_inner_flame, minivault_23
D:6:      minmay_opposing_rooms, layout_gridville, enter_ossuary_3,
          minmay_misc_feat_cross

Skill      XL: |  1  2  3  4  5  6  7  8 |
---------------+-------------------------+-----
Unarmed Combat | 4 5 6 8 9 10 | 10.1
Fighting       | 3 |  3.0
Dodging        | 1 |  1.6
Spellcasting   | |  1.0
Fire Magic     | |  2.1

Action                   |  1- 3 |  4- 6 |  7- 9 || total
-------------------------+-------+-------+-------++-------
Melee: Unarmed           |    95 |    88 |   106 ||   289
       Punch             |     2 |       |     2 ||     4
Throw: Boomerang         |    14 |    48 |     5 ||    67
Invok: Fiery Armour      |       |     2 |     3 ||     5
  Use: Scroll            |     2 |     9 |     7 ||    18
       Potion            |       |     1 |     2 ||     3
Armor: Robe              |    20 |    40 |    42 ||   102
Dodge: Dodged            |    42 |    42 |    30 ||   114

Table legend:
 A = Non-vault XP
 B = Vault XP
 C = Vault XP percentage of total XP
 D = Non-vault monster count
 E = Vault monster count
 F = Vault count percentage of total count
                 A         B        C        D         E       F
            +---------+---------+-------+---------+---------+-------
      Total |    1484 |     398 |  21.1 |     108 |      20 |  15.6
            +---------+---------+-------+---------+---------+-------
        D:1 |      50 |       4 |   7.4 |      29 |       2 |   6.5
        D:2 |      15 |      37 |  71.2 |       9 |       1 |  10.0
        D:3 |     126 |       0 |   0.0 |      25 |       0 |   0.0
        D:4 |     364 |       0 |   0.0 |      12 |       0 |   0.0
        D:5 |     629 |       0 |   0.0 |      29 |       0 |   0.0
        D:6 |     300 |     204 |  40.5 |       4 |       1 |  20.0
    Ossuary |       0 |     153 | 100.0 |       0 |      16 | 100.0
            +---------+---------+-------+---------+---------+-------
